[Event "*** Titled Tuesday Blitz"]
[Site "Chess.com"]
[Date "2019.04.02"]
[Round "3"]
[White "Caterpiller35"]
[Black "julinha97"]
[Result "1/2-1/2"]
[WhiteElo "2218"]
[BlackElo "2181"]
[TimeControl "180+2"]
[EndTime "14:35:55 PDT"]
[Termination "Game drawn - insufficient material"]

1. d4 Nf6 2. Bf4 g6 3. Nc3 d5 4. e3 Bg7 5. h4 h6 6. Nb5 Na6 7.
Nf3 c6 8. Nc3 Bg4 9. Be2 O-O 10.
Ne5 Bxe2 11. Qxe2 Nd7 12. O-O-O Nxe5 13. dxe5 Qa5 14. g4 b5 15. h5 g5 16. Bg3 b4 17. Nb1 Qxa2 18. f4 Nc5 19. fxg5 Na4 20.
gxh6 Qxb2+ 21. Kd2 Bxh6 22. Bf4 Bxf4 23. exf4 b3 24.
Qd3 Qxc2+ 25. Qxc2 bxc2 26. Kxc2 Rab8 27. Nc3 Rb2+ 28.
Kc1 Rb4 29. Nxa4 Rxa4 30. Kd2 Rxf4 31. Rhg1 Rb8 32. Ra1 Rbb4 33. Rxa7 Rxg4 34. Rxg4+ Rxg4 35. Rxe7 c5 36. h6 Re4 37. Kd3 c4+ 38. Kc3 Re3+ 39. Kd2 Rd3+ 40. Kc2 Kh7 41. Rxf7+ Kxh6 42. e6 Kg6 43. Rf8 Re3 44. Rd8 Rxe6 45. Rxd5 Kf6 46. Rc5 Re4 47. Kc3 Ke6 48. Rxc4 Rxc4+ 49. Kxc4 1/2-1/2

[Event "*** Titled Tuesday Blitz"]
[Site "Chess.com"]
[Date "2019.04.02"]
[Round "3"]
[White "TheBigBadChessDad"]
[Black "lolo9292"]
[Result "1-0"]
[WhiteElo "2211"]
[BlackElo "2279"]
[TimeControl "180+2"]
[EndTime "14:35:56 PDT"]
[Termination "TheBigBadChessDad won by resignation"]

1. d4 Nf6 2. Nf3 e6 3. Bf4 b6 4. e3 Bb7 5. Nbd2 d6 6. Bd3 h6 7. h3 Nbd7 8. Qe2 g5 9. Bg3 Bg7 10. c3 a6 11. e4 Nh5 12. Bh2 Nf8 13. Ng1 Nf6 14. e5 Nd5 15. Ngf3 Nf4 16. Bxf4 gxf4 17. O-O-O d5 18. g3 fxg3 19. fxg3 Qe7 20. Rhf1 c5 21.
Kb1 cxd4 22. cxd4 Kd7 23. Nh4 Bc6 24. Qh5 f6 25. Ndf3 f5 26. Bxf5 exf5 27. Nxf5 Qe6 28.
Nxg7 Qg6+ 29. Qxg6 Nxg6 30. Nh4 Nxh4 31. gxh4 Raf8 32.
Rf6 Bb5 33. Rd2 Rxf6 34. exf6 Rf8 35. Rf2 Rc8 36. b3 Rf8 37. Kc2 Rc8+ 38. Kd2 Rf8 39. Ke3 Kd6 40. Rf4 Bd7 41. Rf3 a5 42. Kf2 b5 43. a3 b4 44. axb4 axb4 45. Kg3 Rc8 46. Kf4 Rc3 47. Rxc3 bxc3 48. Ke3 Bb5 49. b4 Bf1 50. h5 Bb5 51. Nf5+ Ke6 52. Nxh6 Kxf6 53.
Ng4+ Kg5 54. h6 Kg6 55. h4 Bf1 56. h5+ Kh7 57. Nf6+ Kxh6 58. Nxd5 c2 59. Kd2 Bd3 60. Ne3 Kxh5 61. Nxc2 Bb5 62. Ne3 Kg5 63. Kc3 Kf4 64.
Nc4 Ke4 65. Nd6+ 1-0

[Event "*** Titled Tuesday Blitz"]
[Site "Chess.com"]
[Date "2019.04.02"]
[Round "3"]
[White "medalja"]
[Black "Mikhail_Golubev"]
[Result "1-0"]
[WhiteElo "2292"]
[BlackElo "2432"]
[TimeControl "180+2"]
[EndTime "14:35:56 PDT"]
[Termination "medalja won on time"]

1. Nf3 d6 2. c4 g6 3. d4 Bg7 4. g3 Nf6 5. Bg2 O-O 6. O-O Nbd7 7. Nc3 e5 8. e4 exd4 9. Nxd4 Re8 10. Re1 c6 11. h3 Qb6 12. Nb3 Ne5 13. Qxd6 Nxc4 14. Qf4 Ne5 15. Rd1 Nh5 16. Qe3 Qc7 17. f4 Nc4 18. Qf2 a5 19. e5 a4 20. Nd4 Nxe5 21.
fxe5 Bxe5 22. g4 Nf4 23. Nf3 Bg7 24. Bf1 a3 25. Rb1 axb2 26. Bxb2 h5 27. Nh2 hxg4 28. Nxg4 Bxg4 29. hxg4 Rad8 30. Rxd8 Rxd8 31. Ne4 Bxb2 32. Qxb2 Nd5 33. Re1 Re8 34. Qf2 Re5 35. Bg2 Qe7 36. Rf1 Kg7 37. Ng3 f6 38. Qd4 Ne3 39. Rf2 Nxg2 40.
Kxg2 1-0

[Event "*** Titled Tuesday Blitz"]
[Site "Chess.com"]
[Date "2019.04.02"]
[Round "3"]
[White "HrvojeZagreb"]
[Black "davserr65"]
[Result "1-0"]
[WhiteElo "2033"]
[BlackElo "2073"]
[TimeControl "180+2"]
[EndTime "14:35:56 PDT"]
[Termination "HrvojeZagreb won by checkmate"]

1. d4 Nf6 2. Bf4 g6 3. Nc3 d5 4. e3 Bg7 5. h4 h6 6. Bd3 c5 7. Nf3 O-O 8. Qd2 Nc6 9. O-O-O Qa5 10. Kb1 Bg4 11. Rde1 c4 12. Be2 b5 13. Ne5 Bd7 14. Nxd7 Nxd7 15. e4 dxe4 16. Bxh6 b4 17. Nxe4 c3 18.
Qg5 Bxh6 19. Qxh6 b3 20. Nxc3 bxc2+ 21. Ka1 Nxd4 22. Bc4 Qh5 23. Qe3 e5 24. g4 Qh7 25.
h5 g5 26. Qxg5+ Qg7 27. Qe3 Nb6 28. Bb3 Nxb3+ 29. axb3 a5 30. Na4 Nxa4 31. bxa4 Rab8 32. h6 Qf6 33. g5 Qb6 34. Qxe5 Rfe8 35. Qg7# 1-0

[Event "*** Titled Tuesday Blitz"]
[Site "Chess.com"]
[Date "2019.04.02"]
[Round "3"]
[White "TregubovP"]
[Black "DoHoChess"]
[Result "1-0"]
[WhiteElo "2504"]
[BlackElo "2543"]
[TimeControl "180+2"]
[EndTime "14:36:02 PDT"]
[Termination "TregubovP won by resignation"]

1. d4 d5 2. c4 e6 3. Nc3 a6 4. cxd5 exd5 5. Nf3 Nf6 6. Qb3 b5 7. Bg5 Be6 8. e3 Nbd7 9. Rd1 c5 10. dxc5 Nxc5 11.
Qc2 Be7 12. Bd3 O-O 13. Bxf6 Bxf6 14. Bxh7+ Kh8 15. Bf5 b4 16. Ne2 Rc8 17. Bxe6 fxe6 18. O-O Qa5 19. Nf4 Kg8 20. b3 Ne4 21. Qd3 Rc3 22. Qe2 Rc6 23. Nd4 Bxd4 24. Rxd4 Nc3 25. Qg4 e5 26. Ne6 Rf7 27. Rd2 Ne4 28. Re2 Qb5 29.
Nd8 Nf6 30. Qg6 Rfc7 31. Nxc6 Rxc6 32. Rc2 Rc3 33. Rd1 Qc6 34. Rcd2 Rc1 35. h4 Qc3 36. Kh2 Ne4 37. Rxd5 Rxd1 38. Rxd1 Nd2 39. h5 e4 40. h6 Qe5+ 41. Kg1 Qe7 1-0

[Event "*** Titled Tuesday Blitz"]
[Site "Chess.com"]
[Date "2019.04.02"]
[Round "3"]
[White "hansen"]
[Black "Haykos"]
[Result "1-0"]
[WhiteElo "2814"]
[BlackElo "2572"]
[TimeControl "180+2"]
[EndTime "14:36:04 PDT"]
[Termination "hansen won by resignation"]

1. e4 c5 2. Nf3 e6 3. d4 cxd4 4. Nxd4 Nf6 5. Nc3 Nc6 6. Ndb5 Bb4 7. a3 Bxc3+ 8. Nxc3 d5 9. exd5 Nxd5 10. Bd2 e5 11. Bd3 O-O 12. O-O Kh8 13. Qh5 f5 14. Rad1 Nxc3 15.
Bxc3 Qc7 16. Bb5 Be6 17. Rfe1 e4 18. h4 Rad8 19. Qg5 Rxd1 20. Rxd1 Ne5 21. Qg3 f4 22. Qg5 Ng4 23. Rd7 Qxc3 24. bxc3 Bxd7 25. Bxd7 Nf6 26. Be6 f3 27. gxf3 exf3 28. Qc5 Re8 29. Qd6 h6 30. c4 b6 31. a4 Ne4 32. Qc6 Nf6 33. Kh2 Re7 34. Kg3 g5 35. hxg5 hxg5 36. Kxf3 Kg7 37. Kg2 Nh5 38. Kf3 Nf6 39. c3 Nh5 40. Bf5 Nf4 41. Qd6 Rf7 42. Kg4 1-0

[Event "*** Titled Tuesday Blitz"]
[Site "Chess.com"]
[Date "2019.04.02"]
[Round "3"]
[White "Elshan1985"]
[Black "Gahan-MG"]
[Result "0-1"]
[WhiteElo "2762"]
[BlackElo "2572"]
[TimeControl "180+2"]
[EndTime "14:36:04 PDT"]
[Termination "Gahan-MG won by resignation"]

1. d4 Nf6 2. c4 e5 3. dxe5 Ng4 4.
Bf4 g5 5. Bg3 Bg7 6. h4 Nc6 7.
hxg5 Ngxe5 8. Nd2 Qxg5 9. e3 d6 10. Be2 Qg6 11. Qb3 Be6 12. Ngf3 O-O-O 13. Nxe5 Bxe5 14.
Bxe5 dxe5 15. Bf3 Bg4 16. Bd5 Be6 17. Bf3 Bg4 18. Be4 Bf5 19. Qc2 Bxe4 20. Qxe4 f5 21.
Qf3 e4 22. Qh3 Nb4 23. Ke2 Kb8 24. Rad1 Nxa2 25. Nb3 Qe6 26. Nd2 Rd3 27. Qh6 Qe5 28.
Qf4 Qxb2 29. Ke1 Rhd8 30. Rxh7 Qb6 31. Rb1 Qc6 32. Nb3 Nc3 33. Nd4 R3xd4 34. exd4 Nxb1 35. Qg5 Rc8 36. Qxf5 Qxc4 37. Qxe4 Qb4+ 38. Kf1 Nd2+ 0-1

[Event "*** Titled Tuesday Blitz"]
[Site "Chess.com"]
[Date "2019.04.02"]
[Round "3"]
[White "rasmussvane"]
[Black "Paralinch"]
[Result "0-1"]
[WhiteElo "2766"]
[BlackElo "2816"]
[TimeControl "180+2"]
[EndTime "14:36:10 PDT"]
[Termination "Paralinch won by resignation"]

1. Nf3 c5 2. c4 Nc6 3. Nc3 g6 4. e3 Nf6 5. d4 cxd4 6. exd4 d5 7.
cxd5 Nxd5 8. Qb3 Nxc3 9. Bc4 e6 10. bxc3 Bg7 11. Ba3 Bf8 12. Bc1 Bg7 13. Ba3 Bf8 14. O-O Na5 15. Bb5+ Bd7 16. Qa4 Bxa3 17. Bxd7+ Qxd7 18.
Qxa5 Bd6 19. c4 O-O 20. c5 Bc7 21. Qb4 b6 22. Qc4 Rfd8 23. Rac1 Qd5 24. Qa4 Bf4 25. Rc3 e5 26. dxe5 Bxe5 27. Nxe5 Qxe5 28. Qc2 Rac8 29. c6 Rd5 30. Rc1 Qd6 31. c7 Rc5 32. Rxc5 bxc5 33. Qxc5 Qxc5 34. Rxc5 Kf8 35. Rc6 Ke7 36. g4 Kd7 37. Rf6 Ke7 38. Rc6 Kd7 39. Rf6 Ke7 40. Ra6 Rxc7 41. Kg2 f6 42. h4 Kf7 43. Kg3 Re7 44. f3 Kg7 45. Kf4 Kf7 46. a4 h6 47.
h5 gxh5 48. gxh5 Kg7 49. Kf5 Re5+ 50. Kg4 Rg5+ 51. Kh4 Rf5 52. Rxa7+ Kg8 53. Kg4 Rg5+ 54. Kf4 Rxh5 55. Ke4 Re5+ 56. Kd4 h5 57. f4 Rf5 58. Ke4 Rc5 59. a5 h4 60. Kf3 f5 61. a6 Rc3+ 62. Kg2 Ra3 63. Kh2 h3 64. Rd7 0-1

[Event "*** Titled Tuesday Blitz"]
[Site "Chess.com"]
[Date "2019.04.02"]
[Round "3"]
[White "Eltarolo"]
[Black "Taron_Shagbazyan"]
[Result "1-0"]
[WhiteElo "2486"]
[BlackElo "2712"]
[TimeControl "180+2"]
[EndTime "14:36:12 PDT"]
[Termination "Eltarolo won by resignation"]

1. e4 e5 2. Nf3 Nc6 3. Bb5 a6 4. Bxc6 dxc6 5. O-O Qf6 6. d4 exd4 7. Qxd4 Qxd4 8.
Nxd4 Nf6 9. Bf4 c5 10. Nf5 Nxe4 11. Nh4 Nd6 12. Nc3 Be6 13. Nf3 h6 14. Be5 f6 15. Bg3 Kf7 16. h4 Be7 17. Rfe1 Rhe8 18. h5 Rac8 19. Nh4 Nb5 20. Nxb5 axb5 21. Ng6 Bd6 22.
Bxd6 cxd6 23. Rad1 Rcd8 24. Rd3 Bg4 25. Rxe8 Rxe8 26. Rxd6 Bxh5 27. Nf4 Re1+ 28. Kh2 Bg4 29. Rb6 Bc8 30. Rxb5 Re5 31. Nd3 Rh5+ 32. Kg1 c4 33.
Rxh5 cxd3 34. cxd3 f5 35. Rh4 Be6 36. a3 Bd5 37.
Rb4 g5 38. Rb6 h5 39. a4 h4 40. a5 Kg7 41. b4 Kf7 42. b5 Ke7 43. a6 bxa6 44. bxa6 Kd7 45. a7 Kc7 46. Rb8 1-0

[Event "*** Titled Tuesday Blitz"]
[Site "Chess.com"]
[Date "2019.04.02"]
[Round "3"]
[White "GM_RobertoMogranzini"]
[Black "Gareth-Bale11"]
[Result "0-1"]
[WhiteElo "2472"]
[BlackElo "2704"]
[TimeControl "180+2"]
[EndTime "14:36:13 PDT"]
[Termination "Gareth-Bale11 won by resignation"]

1. e4 e5 2. Nf3 Nc6 3. Bb5 a6 4. Ba4 Nf6 5. Qe2 b5 6. Bb3 Bc5 7. c3 d6 8. d3 O-O 9. O-O h6 10. Be3 Rb8 11. Nbd2 Ng4 12. Bxc5 dxc5 13. h3 Nf6 14.
Rfd1 Qd6 15. Nf1 Nh5 16. Qe3 Rd8 17. Ng3 Nf4 18. Kh2 g6 19. d4 cxd4 20. cxd4 Nxd4 21. Nxd4 exd4 22. Rxd4 Qxd4 23. Qxf4 Be6 24. Bxe6 fxe6 25.
Qxh6 Qg7 26. Qg5 Rd4 27. e5 Rf8 28. f3 Rd5 29. f4 Rd4 30. Rf1 c5 31. Rf3 b4 32. b3 a5 33. Rf2 c4 34. bxc4 Rxc4 35. h4 Rf7 36. Qg4 Qh6 37. Qxe6 Qxh4+ 38. Qh3 Qxh3+ 39.
Kxh3 Rcxf4 40. Re2 Rh7+ 0-1

[Event "*** Titled Tuesday Blitz"]
[Site "Chess.com"]
[Date "2019.04.02"]
[Round "3"]
[White "NeverEverForever1990"]
[Black "Sanyura"]
[Result "1-0"]
[WhiteElo "2386"]
[BlackElo "2430"]
[TimeControl "180+2"]
[EndTime "14:36:13 PDT"]
[Termination "NeverEverForever1990 won by resignation"]

1. d4 Nf6 2. Nf3 g6 3. Nbd2 Bg7 4. e4 d6 5. Bb5+ c6 6. Bd3 O-O 7. O-O Nbd7 8. Re1 e5 9. c3 Re8 10. h3 b6 11. a4 a6 12. Bf1 Bb7 13. Nc4 Qc7 14.
dxe5 dxe5 15. Qd6 Rac8 16. Be3 c5 17. Qxc7 Rxc7 18. Nd6 Rd8 19. Nxb7 Rxb7 20. Nd2 b5 21. axb5 axb5 22. f3 Bf8 23. Ra6 Nh5 24. Rea1 c4 25. Ra7 Rdb8 26. Rxb7 Rxb7 27. Ra8 Kg7 28. Kf2 Nf4 29. g3 Nd3+ 30. Bxd3 cxd3 31. Ra7 Rxa7 32.
Bxa7 Nc5 33. Ke3 Na4 34. Kxd3 Nxb2+ 35. Kc2 Nc4 36. Nxc4 bxc4 37. Bb6 Kf6 38. Ba5 Ke6 39. Bb4 Bh6 40. Kb2 Kd7 41. Ka3 Kc6 42. Ka4 Be3 43. g4 h5 44. Be7 hxg4 45. fxg4 f5 46. exf5 gxf5 47. gxf5 Kd7 48. Bf6 e4 49. Kb4 Bh6 50.
Kxc4 Ke8 51. Bd4 Kf7 52. h4 Bf4 53. h5 Kg8 54. Bg1 Bd2 55. Kd4 e3 56. Bxe3 Bxc3+ 57. Kxc3 Kf7 58. Bd4 Kg8 59. h6 Kf7 60. h7 1-0

[Event "*** Titled Tuesday Blitz"]
[Site "Chess.com"]
[Date "2019.04.02"]
[Round "3"]
[White "kuli4ik"]
[Black "maloy07"]
[Result "1/2-1/2"]
[WhiteElo "2774"]
[BlackElo "2828"]
[TimeControl "180+2"]
[EndTime "14:36:16 PDT"]
[Termination "Game drawn by repetition"]

1. Nf3 Nf6 2. d4 g6 3. g3 Bg7 4.
Bg2 O-O 5. O-O d6 6. b3 c5 7. Bb2 cxd4 8. Nxd4 d5 9. c4 dxc4 10.
Na3 cxb3 11. axb3 Nd5 12. Qc1 Na6 13. Rd1 Nab4 14. e4 Nb6 15. Nf5 Qxd1+ 16. Qxd1 Bxb2 17. Nxe7+ Kg7 18. Rb1 Bxa3 19. Qd4+ f6 20. e5 Nc2 21. exf6+ Rxf6 22. Qe4 Bc5 23. Qxc2 Bxe7 24. Re1 Bd6 25. Qc3 Bd7 26. Bxb7 Re8 27. Rxe8 Bxe8 28. Qa5 Rf7 29. Be4 Re7 30. Bf3 Bf7 31. h4 Be5 32. Qc5 Bf6 33.
b4 Rd7 34. h5 gxh5 35. Kg2 Rd4 36. Qc7 Rd7 37. Qc5 Nd5 38. Qc6 Nb6 39. Qc5 1/2-1/2

[Event "*** Titled Tuesday Blitz"]
[Site "Chess.com"]
[Date "2019.04.02"]
[Round "3"]
[White "Vusatiuk_Vladimir"]
[Black "norwaytoadog"]
[Result "0-1"]
[WhiteElo "2148"]
[BlackElo "2216"]
[TimeControl "180+2"]
[EndTime "14:36:20 PDT"]
[Termination "norwaytoadog won by resignation"]

1. e4 e5 2. Nf3 Nc6 3. d4 exd4 4. Nxd4 Qf6 5. Be3 Bc5 6. c3 Nge7 7. Nc2 Bb6 8. Nd2 O-O 9. Be2 d5 10. Bxb6 axb6 11.
exd5 Nxd5 12. O-O Qg6 13. Bf3 Nf4 14. Ne3 Ne5 15. Ndc4 Ned3 16. Qc2 b5 17. Nd2 Nh3+ 18. Kh1 Nhxf2+ 19. Rxf2 Nxf2+ 20. Kg1 Qxc2 21. Nxc2 Nd3 22. Be2 Nxb2 23. Bxb5 c6 24. Bf1 Be6 25. c4 Rfd8 26. Nb3 Nxc4 27. Nc5 b5 28. Nb4 Bd5 29. Rd1 Ne3 30.
Re1 Nxf1 31. Kxf1 g6 32. Re7 Kf8 33. Rc7 Bxa2 34. Nxc6 Bc4+ 35. Ke1 Ra1+ 36. Kf2 Ra2+ 37. Kf3 Bd5+ 38. Kf4 Bxc6 39. Rxc6 Rxg2 40. h4 h5 41. Ne4 Rg4+ 42. Ke5 Re8+ 43. Kd5 Rgxe4 44. Rc8 Rxc8 0-1

[Event "*** Titled Tuesday Blitz"]
[Site "Chess.com"]
[Date "2019.04.02"]
[Round "3"]
[White "MMSANCHEZ"]
[Black "ElGasanov"]
[Result "1-0"]
[WhiteElo "2507"]
[BlackElo "2669"]
[TimeControl "180+2"]
[EndTime "14:36:22 PDT"]
[Termination "MMSANCHEZ won by resignation"]

1. d4 f5 2. Bg5 h6 3. Bh4 g5 4. e3 Nf6 5. Bg3 Bg7 6. h4 g4 7.
Bd3 d6 8. Ne2 Nh5 9. Nf4 Nxg3 10. fxg3 O-O 11. Nc3 e5 12. dxe5 Bxe5 13. Qe2 Qf6 14.
Ncd5 Qg7 15. c3 c6 16. Nb4 d5 17. Nc2 Na6 18. Bxa6 bxa6 19. Nd4 Rb8 20. O-O Qf6 21. b4 a5 22. a3 Re8 23. Qf2 Bd7 24. Rad1 Qd6 25.
Nh5 Rf8 26. Nf4 Rbe8 27. Rfe1 Bh8 28. Kh2 Re4 29. Nd3 Bf6 30. Nc5 Bxh4 31. Nxd7 Qxd7 32. gxh4 f4 33. exf4 Rexf4 34. Qg3 R4f6 35. Re5 Kh7 36. Rde1 R8f7 37. Qd3+ Kg7 38. Ne6+ Kg8 39. Nc5 Qd6 40.
Qg3 Rf8 41. h5 Kh8 42. Re7 Rf4 43. R1e6 Qd8 44. Rxh6+ Kg8 45. Rg6+ Kh8 46. Rgg7 Qd6 47. Rh7+ 1-0

[Event "*** Titled Tuesday Blitz"]
[Site "Chess.com"]
[Date "2019.04.02"]
[Round "3"]
[White "joppie2"]
[Black "SavelijTartakover"]
[Result "1/2-1/2"]
[WhiteElo "2795"]
[BlackElo "2576"]
[TimeControl "180+2"]
[EndTime "14:36:23 PDT"]
[Termination "Game drawn - insufficient material"]

1. e4 e6 2. d4 d5 3. Nc3 Bb4 4. Bd3 dxe4 5. Bxe4 Nf6 6. Bf3 c5 7. a3 Bxc3+ 8. bxc3 O-O 9. Ne2 Nc6 10. O-O Qa5 11. Bg5 cxd4 12. Bxf6 gxf6 13. cxd4 Rd8 14.
c3 Bd7 15. Qc1 Rac8 16. Ng3 Ne7 17. Nh5 Qg5 18. h4 Qxc1 19. Nxf6+ Kg7 20. Nh5+ Kh6 21. Rfxc1 Bc6 22. Be2 Be4 23. Nf6 Bg6 24. g4 Kg7 25. g5 Nd5 26. Nxd5 Rxd5 27. Bf3 Rd7 28. a4 b6 29. a5 Rdc7 30. axb6 axb6 31. Ra3 h6 32. gxh6+ Kxh6 33. Rb3 b5 34. Be2 b4 35. Rxb4 Rxc3 36. Rxc3 Rxc3 37. Rb8 Be4 38. f4 Bf3 39. Bf1 Kh5 40.
Rh8+ Kg4 41. h5 Kxf4 42. h6 Be4 43. Rg8 Rg3+ 44. Rxg3 Kxg3 45. Bg2 Bg6 46. Bc6 Kf4 47. Be8 Kg5 48. Bxf7 Kxh6 49. Bxe6 Kg5 50. Kf2 Kf6 51. d5 Be4 52. Ke3 Bxd5 1/2-1/2

[Event "*** Titled Tuesday Blitz"]
[Site "Chess.com"]
[Date "2019.04.02"]
[Round "3"]
[White "FERNANDEZL1983"]
[Black "Ali_rastbod"]
[Result "1/2-1/2"]
[WhiteElo "2434"]
[BlackElo "2599"]
[TimeControl "180+2"]
[EndTime "14:36:25 PDT"]
[Termination "Game drawn by agreement"]

1. d4 g6 2. c4 Bg7 3. Nc3 d6 4. e4 e5 5. dxe5 dxe5 6. Qxd8+ Kxd8 7. Bg5+ f6 8. Be3 Bh6 9. O-O-O+ Nd7 10. Bxh6 Nxh6 11.
f3 c6 12. b4 a5 13. a3 Ke7 14. Kb2 Nf8 15. Nge2 Ne6 16. Nc1 Nf7 17. Nb3 axb4 18. axb4 Bd7 19. c5 Nc7 20. Na5 Rab8 21. Nc4 Be6 22. Nb6 Rhd8 23. Be2 f5 24. Rxd8 Rxd8 25. Kc2 Rd4 26. Rb1 h5 27. Bd3 h4 28. Ne2 Rd8 29.
Ra1 Rb8 30. Ra7 Kf6 31. Bc4 Bxc4 32. Nd7+ Ke6 33. Nxb8 Bxe2 34. Rxb7 Nb5 35. Nxc6 fxe4 36. fxe4 Ng5 37. Kd2 Bf1 38. Ke3 Nc3 39. Re7+ Kf6 40. Rxe5 Bb5 41. Rxg5 Kxg5 42. Nd4 Kf6 43. Kf4 g5+ 44.
Ke3 Ke5 45. Nf3+ Kf6 46. Kd4 Ne2+ 47. Ke3 Nc3 48. g3 hxg3 49. hxg3 Be8 50. g4 Nb5 51. Nd4 Ke5 52. Nf3+ Kf6 53. e5+ Ke6 54. Nxg5+ Kxe5 55. Nf3+ Kd5 56. g5 Kc4 57. Ne5+ Kxb4 58. c6 Kc5 59. g6 Bxg6 60. Nxg6 Kxc6 61. Ne5+ Kd5 62. Nd3 Nd6 63. Nf4+ Ke5 64. Nd3+ Kd5 65. Nf4+ Ke5 1/2-1/2

[Event "*** Titled Tuesday Blitz"]
[Site "Chess.com"]
[Date "2019.04.02"]
[Round "3"]
[White "DrMelekess"]
[Black "Chesstrainer1"]
[Result "0-1"]
[WhiteElo "2693"]
[BlackElo "2412"]
[TimeControl "180+2"]
[EndTime "14:36:26 PDT"]
[Termination "Chesstrainer1 won by resignation"]

1. d4 Nf6 2. Nf3 g6 3. Nbd2 Bg7 4. e4 d6 5. c3 O-O 6. Be2 c5 7. dxc5 dxc5 8. O-O Nc6 9. Qc2 Qc7 10. Nc4 b6 11. Bg5 Bb7 12. Rfe1 h6 13. Bh4 Nh5 14. Nfd2 Nf4 15.
Bf1 Rad8 16. a4 Rd7 17. Nf3 Rfd8 18. Bg3 e5 19. Ne3 Na5 20. Bb5 Rd6 21. Nc4 Nxc4 22.
Bxc4 Bc6 23. Bxf4 exf4 24. e5 R6d7 25. e6 Bxf3 26. exd7 Bc6 27. Qxg6 Qxd7 28. Bxf7+ Qxf7 29. Qxc6 Kh8 30. Rad1 Rf8 31. Qd5 Qg6 32. Re6 Qc2 33.
Qd2 Qxa4 34. Rd6 f3 35. Rd8 Qg4 36. Rxf8+ Bxf8 37. g3 Qh3 0-1

[Event "*** Titled Tuesday Blitz"]
[Site "Chess.com"]
[Date "2019.04.02"]
[Round "3"]
[White "GremioPrudente"]
[Black "mjray79"]
[Result "1/2-1/2"]
[WhiteElo "2065"]
[BlackElo "2173"]
[TimeControl "180+2"]
[EndTime "14:36:27 PDT"]
[Termination "Game drawn by agreement"]

1. Nf3 Nf6 2. c4 g6 3. b3 Bg7 4.
Bb2 d6 5. d4 O-O 6. g3 c5 7.
Bg2 Nbd7 8. O-O Rb8 9. Nc3 a6 10.
Qd2 b5 11. cxb5 axb5 12. dxc5 Nxc5 13. Rfd1 b4 14. Nd5 Nxd5 15. Bxg7 Kxg7 16. Qxd5 Bb7 17. Qd4+ Kg8 18. Nd2 Bxg2 19. Kxg2 Ne6 20. Qe4 d5 21. Qd3 d4 22. Nf3 Qd5 23. e4 Qh5 24. Nxd4 Rfd8 25. Qe3 Ng5 26. h4 Ne6 27. Rd2 Qe5 28. Rad1 Nxd4 29.
Rxd4 Rdc8 30. Qf4 Qxf4 31. gxf4 Rc2 32. R1d2 Rbc8 33. Rxc2 Rxc2 34. Rxb4 Rxa2 35. Kf3 Kg7 36. e5 f6 37. exf6+ Kxf6 38. Rb6+ e6 39. b4 Rb2 40. b5 Kf5 41. Rb8 Rb3+ 42. Kg2 Kxf4 43. b6 Ke5 44. b7 Kd6 45. Rd8+ Kc7 46. Re8 Rxb7 47. Rxe6 1/2-1/2

[Event "*** Titled Tuesday Blitz"]
[Site "Chess.com"]
[Date "2019.04.02"]
[Round "3"]
[White "DiogenesSinopeus"]
[Black "IMRosen"]
[Result "0-1"]
[WhiteElo "2433"]
[BlackElo "2537"]
[TimeControl "180+2"]
[EndTime "14:36:31 PDT"]
[Termination "IMRosen won by checkmate"]

1. d4 Nf6 2. c4 e6 3. Nc3 Bb4 4.
e3 O-O 5. Bd3 d5 6. a3 Bxc3+ 7.
bxc3 c5 8. cxd5 exd5 9. Ne2 b6 10. O-O Ba6 11. f3 Bxd3 12. Qxd3 Nc6 13. Ng3 Re8 14. Bb2 Na5 15. Rae1 Qc7 16. e4 dxe4 17. fxe4 Rad8 18. Rxf6 gxf6 19. Nh5 Re6 20. Qf3 Kh8 21. d5 Rxd5 22.
c4 Rxh5 23. Qxh5 Nxc4 24. Bc3 Ne5 25. Rf1 Qe7 26. Rf4 Ng6 27. Rg4 Kg8 28. Qf5 Qd7 29.
h4 Kf8 30. h5 Qd1+ 31. Kh2 Ne5 32. Rg3 Ke7 33. h6 Ng6 34. e5 Nxe5 35. Qxh7 Ng4+ 36.
Kh3 Nf2+ 37. Kh4 Re4+ 38. Qxe4+ Nxe4 39. h7 Qh1+ 40. Rh3 Qxg2 41. Bxf6+ Nxf6 42. Rg3 Qh2+ 43. Rh3 Qf4# 0-1

[Event "*** Titled Tuesday Blitz"]
[Site "Chess.com"]
[Date "2019.04.02"]
[Round "3"]
[White "GCamachoMartinez"]
[Black "STAYFlow"]
[Result "1-0"]
[WhiteElo "2358"]
[BlackElo "2263"]
[TimeControl "180+2"]
[EndTime "14:36:31 PDT"]
[Termination "GCamachoMartinez won by resignation"]

1. d4 d5 2. c4 e6 3. Nf3 Nf6 4. Nc3 Be7 5. Bf4 O-O 6. e3 b6 7. cxd5 Nxd5 8. Nxd5 Qxd5 9. a3 c5 10. dxc5 Qxc5 11. Rc1 Qa5+ 12. Qd2 Qxd2+ 13. Nxd2 Na6 14. b4 Rd8 15. Be2 Bb7 16. Nf3 Rac8 17. O-O Nb8 18. Bc7 Rd7 19. Bxb8 Rxb8 20. Rfd1 Rxd1+ 21. Rxd1 Rd8 22. Rxd8+ Bxd8 23. Nd4 Bf6 24. Bf3 Bxf3 25. Nxf3 b5 26. Nd4 Bxd4 27. exd4 Kf8 28. Kf1 Ke7 29. Ke2 Kd6 30.
Kd3 Kd5 31. f3 h6 32. Kc3 Kd6 33. Kd3 Kd5 34. Kc3 h5 35. Kd3 g5 36. Kc3 f5 37.
Kd3 g4 38. Kc3 h4 39. fxg4 fxg4 40. Kd3 a6 41. Ke3 Kc4 42. Ke4 Kc3 43. Ke5 Kd3 44.
Kxe6 Kxd4 45. Kf5 g3 46. hxg3 hxg3 47. Kf4 Kc3 48. Kxg3 Kb3 49. Kf4 Kxa3 50. g4 Kxb4 51. g5 a5 52. g6 a4 53. g7 Kb3 54. g8=Q+ Kb2 55. Qg2+ Kb3 56. Qd5+ Kb4 57. Qd4+ Kb3 58.
Qd5+ Kb4 59. Ke3 a3 60. Kd2 Ka4 61. Kc2 1-0

[Event "*** Titled Tuesday Blitz"]
[Site "Chess.com"]
[Date "2019.04.02"]
[Round "3"]
[White "TST2014"]
[Black "BlueWizzard"]
[Result "0-1"]
[WhiteElo "2516"]
[BlackElo "2719"]
[TimeControl "180+2"]
[EndTime "14:36:32 PDT"]
[Termination "BlueWizzard won by checkmate"]

1. d4 e6 2. c4 f5 3. Nf3 Nf6 4. g3 Bb4+ 5. Bd2 Be7 6. Bg2 O-O 7. O-O c6 8. Qe1 b6 9. Bb4 d6 10. Nc3 Bb7 11. c5 dxc5 12. dxc5 a5 13. Rd1 Nbd7 14. Ba3 b5 15. Ne5 b4 16. Nxc6 Bxc6 17. Bxc6 Rc8 18. Bxd7 Nxd7 19. Na4 Qc7 20. Bxb4 axb4 21. Qxb4 Nxc5 22. Rc1 Nxa4 23. Qxa4 Qb7 24. b3 Bg5 25.
e3 Rfd8 26. Rfd1 Qf3 27. Rxd8+ Rxd8 28. Qc4 Kf7 29. Qc7+ Kg6 30. Qc4 Rd5 31. a4 Bxe3 32. fxe3 Qxe3+ 33. Kg2 Rd4 34. Qf1 Rd2+ 35. Kh1 Qe4+ 36.
Kg1 Qe3+ 37. Kh1 Qxb3 38. Re1 Qa2 39. Qh3 Qd5+ 40. Kg1 Qd4+ 41. Kh1 Qf2 42. Rf1 Qe2 43. a5 Ra2 44. g4 fxg4 45. Rg1 Qe4+ 46. Rg2 Ra1# 0-1

[Event "*** Titled Tuesday Blitz"]
[Site "Chess.com"]
[Date "2019.04.02"]
[Round "3"]
[White "GukeshDommaraju"]
[Black "Benjoneliere44"]
[Result "0-1"]
[WhiteElo "2614"]
[BlackElo "2473"]
[TimeControl "180+2"]
[EndTime "14:36:33 PDT"]
[Termination "Benjoneliere44 won by resignation"]

1. Nf3 d5 2. g3 Bg4 3. Bg2 Nd7 4. O-O c6 5. h3 Bh5 6. d4 e6 7. c4 Be7 8. cxd5 exd5 9. Qb3 Qb6 10. Qe3 Bxf3 11. Bxf3 Ngf6 12. Nc3 Qd8 13. Qd3 O-O 14. Bd2 Bd6 15. Bg2 Re8 16. e3 h5 17. Rab1 Qe7 18. Rfe1 Ne4 19. Nxe4 dxe4 20. Qc2 h4 21. g4 Nf6 22. b4 a6 23. a4 Rac8 24. Qb3 Nh7 25. b5 axb5 26. axb5 Ng5 27. bxc6 bxc6 28. Rbc1 Qf6 29. Red1 Nf3+ 30. Kf1 Bg3 31. Bxf3 Qxf3 32. Be1 Bd6 33. Qa4 Qxh3+ 34. Ke2 Qxg4+ 35. Kd2 h3 36. Kc2 h2 37. Bd2 Qe2 38. Qb3 c5 39. d5 c4 40. Qc3 Re5 41. Re1 Qd3+ 42. Kd1 Rxd5 43. Qxd3 Rxd3 44. Ke2 Rxd2+ 45. Kxd2 Bb4+ 46. Rc3 Ra8 0-1

[Event "*** Titled Tuesday Blitz"]
[Site "Chess.com"]
[Date "2019.04.02"]
[Round "3"]
[White "KRASAVCHIK2002"]
[Black "martinjogstad99"]
[Result "1-0"]
[WhiteElo "2393"]
[BlackElo "2219"]
[TimeControl "180+2"]
[EndTime "14:36:36 PDT"]
[Termination "KRASAVCHIK2002 won by resignation"]

1. e4 c5 2. Nf3 e6 3. d4 cxd4 4. Nxd4 Nc6 5. Nc3 Qc7 6. Be3 a6 7. f4 Bb4 8. Bd3 Na5 9. Ne2 Nc4 10. Bxc4 Qxc4 11. Qd4 Qxd4 12. Bxd4 Nf6 13. O-O-O b5 14.
e5 Ng4 15. h3 Nh6 16. g4 Bb7 17. Rhg1 Rc8 18. Ng3 O-O 19. f5 Rfd8 20. f6 gxf6 21. exf6 d6 22. g5 Nf5 23. Nxf5 exf5 24. a3 Bc5 25. Rgf1 Bg2 26. Rxf5 Bxh3 27. Rf4 Bg2 28.
Rd2 Bb7 29. Ne4 Re8 30. Bxc5 dxc5 31. Nf2 Re1+ 32. Rd1 Rce8 33. Ng4 Rxd1+ 34. Kxd1 Kf8 35. Kd2 Rd8+ 36. Kc3 Re8 37. Rf5 Rc8 38. Ne5 Bd5 39. Nd7+ Ke8 40. Rxd5 b4+ 41. axb4 cxb4+ 42. Kb3 Rxc2 43.
Kxc2 1-0